 Dungeon Crawl Stone Soup version 0.17.1-2-g5865329 (webtiles) character file.

50 Jerry the Magician (level 3, -2/23 HPs)
             Began as an Octopode Wizard on Feb 11, 2016.
             Slain by a gnoll
             ... wielding a +0 halberd
              (12 damage)
             ... on level 3 of the Dungeon.
             The game lasted 00:06:03 (1453 turns).

Jerry the Magician (Octopode Wizard)                Turns: 1453, Time: 00:06:03

Health: -2/23      AC:  1    Str:  6    XL:     3   Next: 79%
Magic:  6/7        EV: 12    Int: 20    God:
Gold:   162        SH:  0    Dex: 11    Spells: 2 memorised, 5 levels left

rFire  . . .     SeeInvis .     j - +0 short sword
rCold  . . .     Clarity  .     (no shield)
rNeg   . . .     SustAt   .     a - +0 hat
rPois  .         Gourm    .     s - amulet of regeneration
rElec  .         Spirit   .     (no ring)
rCorr  .         Warding  .     (no ring)
rMut   .         Stasis   .     (no ring)
MR     .....                    (no ring)
Stlth  +++.......               (no ring)
                                (no ring)
                                (no ring)
                                (no ring)

@: not resistant to hostile enchantments, fairly stealthy
A: almost no armour, amphibious, 8 rings, constrict 8, camouflage 1, gelatinous
body 1
a: no special abilities


You were on level 3 of the Dungeon.
You were hungry.

You visited 1 branch of the dungeon, and saw 3 of its levels.

You collected 162 gold pieces.

Inventory:

Hand Weapons
 f - a +0 club
 j - a +0 short sword (weapon)
Armour
 a - a +0 hat (worn)
Jewellery
 s - an amulet of regeneration (around mantle)
 u - a +4 ring of dexterity {unknown}
Scrolls
 e - a scroll of identify {unknown}
 g - 2 scrolls of fear {unknown}
 i - 2 scrolls of remove curse {unknown}
 k - a scroll of teleportation {unknown}
 m - a scroll of recharging {unknown}
 q - a scroll of blinking {unknown}
 t - a scroll of noise {unknown}
Potions
 h - 2 potions of might {unknown}
 l - a potion of brilliance {unknown}
 o - a potion of magic {unknown}
 p - 3 potions of lignification {unknown}
Books
 b - a book of Minor Magic

   Spells                             Type                      Level
   a - Magic Dart                     Conjuration                  1
   b - Blink                          Translocation                2
   c - Call Imp                       Summoning                    2
   d - Repel Missiles                 Charms/Air                   2
   e - Slow                           Hexes                        2
   f - Conjure Flame                  Conjuration/Fire             3
   g - Mephitic Cloud                 Conjuration/Poison/Air       3
Comestibles
 c - 5 bread rations
 d - 2 meat rations
 n - a royal jelly
 r - 2 slices of pizza


   Skills:
 + Level 1.4 Fighting
 + Level 3.0 Dodging
 - Level 3.0 Stealth
 - Level 3.0 Spellcasting
 - Level 1.0 Conjurations
   Level 1.0 Summonings
 + Level 1.7 Translocations


You had 5 spell levels left.
You knew the following spells:

 Your Spells              Type           Power        Failure   Level  Hunger
a - Magic Dart            Conj           #...         12%         1    None
b - Blink                 Tloc           N/A          14%         2    ##.....


Dungeon Overview and Level Annotations

Branches:
Dungeon (3/15)

Altars:
Ru


Innate Abilities, Weirdness & Mutations

You cannot wear most types of armour.
You are amphibious.
You can wear up to eight rings at the same time.
You can use your tentacles to constrict eight enemies at once.
Your skin changes colour to match your surroundings (Stealth).
Your rubbery body absorbs attacks (AC +1).


Message History

The gnoll shouts!
You hear a shout!
A gnoll comes into view.
You see here a spear.
Casting: Magic Dart
Confirm with . or Enter, or press ? or * to list all spells.
Aiming: Magic Dart
Press: ? - help, Shift-Dir - straight line, f/p - gnoll
Aim: a gnoll, wielding a halberd (lightly wounded)
The magic dart hits the gnoll.
The gnoll is moderately wounded.
The gnoll barely misses you. The gnoll hits you with a halberd.
You barely miss the gnoll. Your grab misses the gnoll.
The gnoll is moderately wounded.
The gnoll hits you with a halberd!
You hit the gnoll but do no damage. You grab the gnoll.
The gnoll is moderately wounded.
You constrict the gnoll. The gnoll hits you with a halberd!
Ouch! That really hurt!
You die...

#g #. #.# #.# #. #.# #.# #.
#.# #.# #. #######.#### #.#
##.#######..........# #.#
#.>.g...##.#####.##.# #.#
##.####.##.# #.##.###†### ##
#g##.# #.##.)...... ###g##@#
#........... #...##g#
#..###.....( #.####g#
#..###......
#..g...######..........
#######..##...........##.##..
.........###.#######..#.P##..
#######.## #.# ##.#..##.# #.#
#.########.#.P##.. #.#
#.........###.####


You could see 2 gnolls.

Vanquished Creatures
  A gnoll (D:3)
  An ooze (D:2)
  A giant gecko (D:2)
  2 giant cockroaches
  A goblin (D:1)
  3 hobgoblins
  6 kobolds
  2 ball pythons
  11 bats
  2 giant newts
  2 jackals (D:2)
  2 quokkas
  2 rats (D:1)
36 creatures vanquished.

Notes
Turn   | Place    | Note
--------------------------------------------------------------
     0 | D:1      | Jerry the Octopode Wizard began the quest for the Orb.
     0 | D:1      | Reached XP level 1. HP: 11/11 MP: 4/4
   298 | D:1      | Reached XP level 2. HP: 13/18 MP: 6/6
   355 | D:1      | Reached skill level 1 in Fighting
   630 | D:2      | Learned a level 2 spell: Blink
   802 | D:2      | Reached XP level 3. HP: 21/23 MP: 7/7
  1308 | D:3      | Found a sacrificial altar of Ru.
  1453 | D:3      | Slain by a gnoll

Action                   || total
-------------------------++-------
Melee: Short sword       ||    65
       Unarmed           ||     5
 Cast: Magic Dart        ||    13
 Stab: Sleeping          ||     7
  Eat: Chunk             ||     1
